 Dungeon Crawl Stone Soup version 0.30-a0-777-ga9a30cbeda (webtiles) character file.

Game seed: 3648259254599878549

11364 funkygono the Arsonist (level 11, -3/58 HPs)
             Began as a Gargoyle Fire Elementalist on Feb 14, 2023.
             Was an Elder of Vehumet.
             Slain by a six-headed hydra (8 damage)
             ... on level 2 of the Lair of Beasts.
             The game lasted 00:23:32 (9941 turns).

funkygono the Arsonist (Gargoyle Fire Elementalist) Turns: 9941, Time: 00:23:33

Health: -3/58      AC: 22    Str: 12    XL:     11   Next: 76%
Magic:  18/25      EV: 16    Int: 26    God:    Vehumet [****..]
Gold:   531        SH:  0    Dex: 10    Spells: 14/31 levels left

rFire   + . .      SeeInvis .    z - +2 whip (spect)
rCold   . . .      Faith    .    (no shield)
rNeg    + . .      Spirit   .    s - +0 swamp dragon scales
rPois   ∞          Reflect  .    e - +2 hat
rElec   +          Harm     .    K - +0 cloak
rCorr   .          Rampage  .    c - +0 pair of gloves
Will    .....                    I - +0 pair of boots
Stlth   +                        t - amulet of magic regeneration
HPRegen 0.29/turn                Q - +6 ring of intelligence
MPRegen 0.59/turn                p - ring of Haidghao {rF+ EV+5}

@: no status effects
A: sickness immunity, AC +8, negative energy resistance 1, electricity
resistance, torment resistance 1, petrification resistance
a: Renounce Religion


You were on level 2 of the Lair of Beasts.
You worshipped Vehumet.
Vehumet was greatly pleased with you.
You visited 3 branches of the dungeon, and saw 13 of its levels.

You collected 621 gold pieces.
You spent 90 gold pieces at shops.

Inventory:

Hand Weapons
 i - a +4 mace
 z - a +2 spectral whip (weapon)
Armour
 c - a +0 pair of gloves (worn)
 e - a +2 hat (worn)
 s - +0 swamp dragon scales (worn)
 u - a +4 scale mail of cold resistance
 I - a +0 pair of boots (worn)
 K - a +0 cloak (worn)
 O - a +1 ring mail of willpower
Magical Staves
 r - a staff of poison
 A - a staff of fire
Jewellery
 h - an amulet of guardian spirit
 j - a +4 ring of slaying
 p - the ring of Haidghao (right hand) {rF+ EV+5}
   (You found it on level 2 of the Dungeon)

   [ring of evasion]

   EV:        It affects your evasion (+5).
   rF:        It protects you from fire.
 t - an amulet of magic regeneration (around neck)
 Q - a +6 ring of intelligence (left hand)
Wands
 v - a wand of paralysis (11)
 x - a wand of roots (22)
 y - a wand of flame (24)
 J - a wand of digging (6)
Scrolls
 d - a scroll of magic mapping
 m - 2 scrolls of amnesia
 n - 9 scrolls of teleportation
 q - 2 scrolls of blinking
 C - 2 scrolls of fear
 P - 2 scrolls of identify
 T - a scroll of fog
Potions
 b - 3 potions of magic
 f - 2 potions of might
 g - 2 potions of resistance
 k - 2 potions of ambrosia
 l - 3 potions of flight
 o - 2 potions of brilliance
 w - 3 potions of mutation
 B - 7 potions of curing
 H - 2 potions of haste
 L - 2 potions of cancellation
Miscellaneous
 a - a piece from Xom's chessboard (15/15)


   Skills:
 + Level 2.4 Fighting
 + Level 2.6 Maces & Flails
 + Level 5.4 Armour
 + Level 3.0 Dodging
 - Level 2.1 Stealth
 + Level 10.5 Spellcasting
 + Level 6.5 Conjurations
 + Level 11.6 Fire Magic


You had 14 spell levels left.
You knew the following spells:

 Your Spells              Type           Power      Damage    Failure   Level
a - Foxfire               Conj/Fire      100%       2x1d9     1%          1
b - Scorch                Fire           100%       2d10      1%          2
c - Kindle Blastsparks    Fire/Tloc/Air  66%        2d15      1%          3
d - Flame Wave            Conj/Fire      57%        2d14      1%          4
e - Olgreb's Toxic Radia  Pois           13%        N/A       22%         4
f - Stone Arrow           Conj/Erth      60%        3d10      1%          3

Your spell library contained the following spells:

 Spells                   Type           Power      Damage    Failure   Level
 Iskenderun's Mystic Bla  Conj/Tloc      30%        2d8       6%          4
 Inner Flame              Hex/Fire       43%        N/A       1%          3
 Sticky Flame             Conj/Fire      57%        2d7       1%          4
 Poisonous Vapours        Pois/Air       26%        N/A       4%          2
 Sting                    Tmut/Pois      52%        1d5       9%          1
 Ensorcelled Hibernation  Hex/Ice        26%        N/A       14%         2
 Irradiate                Conj/Tmut      15%        3d16      17%         5
 Portal Projectile        Hex/Tloc       26%        N/A       26%         3
 Spider Form              Tmut/Pois      13%        N/A       26%         3
 Tukima's Dance           Hex            13%        N/A       26%         3
 Anguish                  Hex/Necr       6%         N/A       65%         4
 Animate Armour           Summ/Erth      26%        N/A       65%         4
 Petrify                  Tmut/Erth      13%        N/A       65%         4
 Blade Hands              Tmut           6%         N/A       94%         5
 Lehudib's Crystal Spear  Conj/Erth      15%        10d5      100%        8
 Chain Lightning          Conj/Air       15%        3d20      100%        9
 Fire Storm               Conj/Fire      28%        8d7       100%        9
 Shatter                  Erth           6%         3d9*      100%        9
 Sublimation of Blood     Necr           Unusable   N/A       N/A         2

Dungeon Overview and Level Annotations

Branches:
Dungeon (10/15)            Temple (1/1) D:4            Lair (2/5) D:8
    Orc (0/2) D:10
  Swamp: Lair:2-3    Shoals: Lair:2-3     Snake: Lair:2-3    Spider: Lair:2-3

Altars:
Ashenzari
Cheibriados
Dithmenos
Elyvilon
Fedhas
Gozag
Hepliaklqana
Kikubaaqudgha
Makhleb
Nemelex Xobeh
Okawaru
Qazlal
Ru
Sif Muna
Trog
Uskayaw
Vehumet
Wu Jian
Xom
Yredelemnul
Zin
The Shining One

Shops:
D:10 ?[

Portals:
Abyss: D:9

Annotations:
D:5 2 transporters, gabibbone's ghost, amateur GnRe
D:9 2 transporters, LowRida's ghost, journeyman OpCj


Innate Abilities, Weirdness & Mutations

You are immune to sickness and miasma.
Your stone body is resilient. (AC +8)
You are immune to poison.
You resist negative energy. (rN+)
You are resistant to electric shocks. (rElec)
You are resistant to unholy torment.
You are immune to petrification.


Message History

(Press . to intensify the flame waves.)
You hear a trumpeting!
The foxfire hits the wyvern but does no damage.
The wyvern is almost dead.
The foxfire hits the wyvern but does no damage.
The wyvern is almost dead.
Unknown command.
A wave of flame ripples out!
The flame wave engulfs the six-headed hydra!
The six-headed hydra is lightly wounded.
The flame wave engulfs the wyvern!
You kill the wyvern!
Vehumet accepts your kill.
You feel your power returning.
The six-headed hydra bites you but does no damage. x2
The six-headed hydra bites you.
The six-headed hydra bites you but does no damage. x3
A wave of flame ripples out!
The flame wave engulfs the six-headed hydra!
The six-headed hydra is moderately wounded.
You hear a trumpeting! x2
The six-headed hydra barely misses you. The six-headed hydra misses you. x2
The six-headed hydra bites you but does no damage.
The six-headed hydra completely misses you.
The six-headed hydra barely misses you.
Casting: Flame Wave (dangerous; 1% risk of failure)
Confirm with . or Enter, or press ? or * to list all spells.
Restarting spell: Flame Wave (dangerous; 1% risk of failure)
Press: ? - help, Dir - look around, f - activate A wave of flame ripples out!
The flame wave engulfs the six-headed hydra!!
The six-headed hydra is heavily wounded. (Press . to intensify the flame waves.)
The six-headed hydra bites you!
* * * LOW HITPOINT WARNING * * *
The six-headed hydra bites you but does no damage. x3
The six-headed hydra bites you!
* * * LOW HITPOINT WARNING * * *
The six-headed hydra bites you!
You die...

##>...
.##....##
......[
.....#
#....#
....#
#††.#
##.D.#
##..@.#
#.....#
##....##
~P~
♣......#
P~P~
###....#


PP~ ###...## P~ #....## ♣~##.....# . ♣.#....#.# You could see a six-headed
hydra.

Vanquished Creatures
  A two-headed ogre (D:9)
  Maggie (D:10)
  A torpor snail (Lair:2)
  An unseen horror (D:10)
  A gargoyle (D:10)
  A komodo dragon (Lair:1)
  2 trolls
  2 hornets
  A polar bear (Lair:1)
  5 blink frogs (Lair:1)
  2 wyverns
  A wraith (D:10)
  16 yaks
  A basilisk (Lair:2)
  2 water moccasins
  Duvessa (D:5)
  2 ogres
  5 orc warriors
  3 black bears
  A sky beast (D:7)
  3 centaurs
  2 phantoms (D:10)
  3 bullfrogs
  4 gnoll sergeants
  A kobold brigand (D:9)
  A necrophage (D:6)
  4 scorpions
  Dowan (D:5)
  4 wights (D:9)
  9 killer bees
  A troll zombie (D:10)
  A howler monkey (D:4)
  6 hounds
  Crazy Yiuf (D:4)
  A gnoll bouda (D:9)
  9 orc priests
  4 jellies
  4 iguanas
  Ijyb (D:3)
  5 orc wizards
  7 ogre zombies (D:10)
  16 gnolls
  6 adders
  A shadow imp (D:7)
  2 white imps
  An ufetubus (D:6)
  2 worms (D:3)
  3 dart slugs
  20 orcs
  2 endoplasms
  2 giant cockroaches
  3 goblins
  5 hobgoblins
  5 quokkas
  4 ball pythons
  3 bats
  2 frilled lizards (D:1)
  3 goblin skeletons (D:10)
  2 goblin zombies (D:10)
  2 hobgoblin zombies (D:10)
  12 kobolds
  3 orc skeletons (D:10)
  15 orc zombies (D:10)
  7 rats
243 creatures vanquished.

Vanquished Creatures (collateral kills)
  7 foxfires
7 creatures vanquished.

Vanquished Creatures (others)
  752 foxfires
  37 fungi
  56 plants
845 creatures vanquished.

Grand Total: 1095 creatures vanquished

Notes
Turn   | Place    | Note
-------+----------+-------------------------------------------
     0 | D:1      | funkygono the Gargoyle Fire Elementalist began the quest
                  | for the Orb.
     0 | D:1      | Reached XP level 1. HP: 10/10 MP: 3/3
   159 | D:1      | Reached XP level 2. HP: 15/15 MP: 0/5
   162 | D:1      | Learned a level 2 spell: Scorch
   919 | D:1      | Reached XP level 3. HP: 19/19 MP: 3/6
   923 | D:1      | Learned a level 3 spell: Kindle Blastsparks
  1528 | D:2      | Identified the ring of Haidghao {rF+ EV+5}
  1901 | D:3      | Found a glowing silver altar of Zin.
  1902 | D:3      | Found a basalt altar of Yredelemnul.
  1904 | D:3      | Found an iron altar of Okawaru.
  2211 | D:3      | Noticed Ijyb
  2216 | D:3      | Reached skill level 4 in Fire Magic
  2225 | D:3      | Killed Ijyb
  2226 | D:3      | Reached XP level 4. HP: 10/24 MP: 1/7
  2668 | D:4      | Reached XP level 5. HP: 28/28 MP: 5/10
  2673 | D:4      | Learned a level 4 spell: Flame Wave
  2849 | D:4      | Found a snail-covered altar of Cheibriados.
  2890 | D:4      | Reached skill level 1 in Maces & Flails
  3008 | D:4      | Found a staircase to the Ecumenical Temple.
  3055 | Temple   | Entered the Ecumenical Temple
  3065 | Temple   | Became a worshipper of Vehumet
  3177 | D:4      | Found an ornate altar of the Wu Jian Council.
  3326 | D:4      | Found a runed translucent door.
  3327 | D:4      | Noticed Crazy Yiuf
  3591 | D:4      | Killed Crazy Yiuf
  3592 | D:4      | Reached XP level 6. HP: 32/32 MP: 5/11
  3794 | D:5      | Entered Level 5 of the Dungeon
  3900 | D:5      | Reached skill level 5 in Fire Magic
  3900 | D:5      | Reached XP level 7. HP: 36/36 MP: 12/12
  3935 | D:4      | Reached skill level 1 in Armour
  4158 | D:5      | Found a transporter.
  4170 | D:5      | Noticed gabibbone's ghost (amateur GnRe)
  4324 | D:5      | Found a transporter.
  4389 | D:5      | Reached skill level 6 in Fire Magic
  4406 | D:5      | Noticed Dowan
  4409 | D:5      | Noticed Duvessa
  4417 | D:5      | Killed Duvessa
  4418 | D:5      | Reached XP level 8. HP: 41/41 MP: 8/15
  4429 | D:5      | Killed Dowan
  4714 | D:6      | Reached skill level 5 in Spellcasting
  4876 | D:6      | Reached * piety under Vehumet
  4876 | D:6      | Offered knowledge of Freeze by Vehumet.
  5088 | D:6      | Reached skill level 7 in Fire Magic
  5312 | D:6      | Reached XP level 9. HP: 45/45 MP: 12/18
  5595 | D:7      | Noticed a hornet
  5601 | D:7      | Killed a hornet
  5771 | D:7      | Reached skill level 8 in Fire Magic
  6229 | D:8      | Offered knowledge of Shock by Vehumet.
  6233 | D:8      | Reached ** piety under Vehumet
  6524 | D:8      | Reached skill level 5 in Conjurations
  6599 | D:8      | Reached XP level 10. HP: 51/51 MP: 19/21
  6600 | D:8      | Reached skill level 9 in Fire Magic
  6679 | D:8      | Offered knowledge of Frozen Ramparts by Vehumet.
  6764 | D:8      | Found an ancient bone altar of Kikubaaqudgha.
  6811 | D:8      | Found a staircase to the Lair.
  6922 | D:8      | Learned a level 4 spell: Olgreb's Toxic Radiance
  7062 | D:9      | Noticed a two-headed ogre
  7068 | D:9      | Killed a two-headed ogre
  7133 | D:9      | Noticed a toenail golem
  7141 | D:9      | Found a transporter.
  7148 | D:9      | Found a transporter.
  7232 | D:9      | Reached *** piety under Vehumet
  7466 | D:9      | Reached skill level 5 in Armour
  7466 | D:9      | Reached skill level 10 in Fire Magic
  7541 | D:9      | Found a one-way gate to the infinite horrors of the Abyss.
  7541 | D:9      | Noticed LowRida's ghost (journeyman OpCj)
  7553 | D:9      | Noticed a toenail golem
  7576 | D:9      | Noticed a cyan ugly thing
  7591 | D:9      | Noticed a sixfirhy
  7685 | D:9      | Found an opulent altar of Gozag.
  7789 | D:9      | Found a burning altar of Makhleb.
  7892 | D:9      | Reached skill level 1 in Fighting
  7926 | D:9      | Found a sparkling altar of Nemelex Xobeh.
  7950 | D:10     | Entered Level 10 of the Dungeon
  8003 | D:10     | Noticed a gargoyle
  8017 | D:10     | Killed a gargoyle
  8017 | D:10     | Offered knowledge of Stone Arrow by Vehumet.
  8018 | D:10     | Reached XP level 11. HP: 44/57 MP: 12/24
  8024 | D:10     | Learned a level 3 spell: Stone Arrow
  8097 | D:10     | Found a staircase to the Orcish Mines.
  8114 | D:10     | Reached **** piety under Vehumet
  8124 | D:10     | Offered knowledge of Iskenderun's Mystic Blast by Vehumet.
  8130 | D:10     | Reached skill level 11 in Fire Magic
  8314 | D:10     | Found Gewkawk's Armour Boutique.
  8342 | D:10     | Reached skill level 10 in Spellcasting
  8604 | D:10     | Noticed Maggie
  8621 | D:10     | Killed Maggie
  8772 | D:10     | Found The Oracle's Delphic Readings.
  8779 | D:10     | Bought a scroll of enchant weapon for 90 gold pieces
  8978 | Lair:1   | Entered Level 1 of the Lair of Beasts
  9934 | Lair:2   | Noticed a six-headed hydra
  9941 | Lair:2   | Slain by a six-headed hydra

Illustrated notes

Levels and vault maps discovered:
D:1:      dpeg_arrival_boxorama, layout_basic, serial_forest,
          infiniplex_forest_lined_2, infiniplex_forest_end_double,
          infiniplex_forest_clump_double, infiniplex_forest_lined_4_way,
          infiniplex_forest_lined_room_3, infiniplex_forest_side_room,
          infiniplex_forest_end_2, infiniplex_forest_clump_tiny
D:2:      layout_rooms
D:3:      layout_rooms, grunt_temple_overflow_open, serial_curves,
          eino_curves_02, eino_curves_03, eino_curves_02, uniq_ijyb
D:4:      layout_loops_ring, mainiacjoe_overflow_alcove_1, cheibriados_altar_1,
          minmay_temple_entry_mini_moons, uniq_crazy_yiuf_cottage
D:5:      layout_rooms, gammafunk_ghost_arena, uniq_duvessa
D:6:      layout_basic
D:7:      layout_cave_pools
D:8:      layout_basic, kiku_gazebo_pond_becter, grunt_lair_entry_orc_guard_hut,
          grunt_decor_junction, nicolae_grassy_gnolls
D:9:      layout_loops_corners, grunt_gozag_breadcrumbs,
          nemelex_diamond_rough_becter, bloody_makhleb,
          gammafunk_ghost_abyssal_escape, hellmonk_bongcloud_opening
D:10:     layout_cave_pools, zombieorc2_lemuel, serial_shops,
          nicolae_shop_competitors_out_of_business, nicolae_nh_oracle_at_delphi,
          uniq_maggie
Temple:   cyrus_circular_temple
Lair:1:   layout_cave_pods, columned_hall_lemuel, grunt_megastairs_5
Lair:2:   layout_concentric_octagons, elwin_shoals_entry_rooms,
          hellmonk_spider_entry_not_the_bees, serial_bayou,
          serial_bayou_crossing, serial_bayou_ford_a, serial_bayou_pond_a,
          serial_bayou_lagoon_a, hibernation_bobbens, uniq_erica

Skill      XL: |  1  2  3  4  5  6  7  8  9 10 11 |
---------------+----------------------------------+-----
Fire Magic     | 4 5 6 7 8 10 11 | 11.6
Conjurations   | 2 3 4 5 6 |  6.5
Spellcasting   | 3 4 6 7 9 10 | 10.5
Maces & Flails | 1 2 |  2.6
Dodging        | 2 3 |  3.0
Armour         | 2 3 4 5 |  5.4
Fighting       | 1 2 |  2.4
Stealth        | |  2.1

Action                     |  1- 3 |  4- 6 |  7- 9 | 10-12 || total
---------------------------+-------+-------+-------+-------++-------
  Melee: Unarmed           |     4 |       |       |       ||     4
         Club              |     1 |       |       |       ||     1
         Mace              |       |    15 |       |       ||    15
         Whip              |       |    11 |    27 |    46 ||    84
         Punch             |       |       |       |     1 ||     1
   Cast: Foxfire           |    66 |    52 |   185 |   147 ||   450
         Scorch            |     2 |     5 |    66 |    46 ||   119
         Flame Wave        |       |       |       |    26 ||    26
    Use: Scroll            |       |       |    22 |     5 ||    27
 Armour: Robe              |     4 |       |       |       ||     4
         Scale mail        |       |    16 |    40 |       ||    56
         Ring mail         |       |       |    29 |    35 ||    64
         Swamp dragon scal |       |       |       |    25 ||    25
  Dodge: Dodged            |     8 |    33 |   110 |    71 ||   222

Table legend: (Time is in decaauts)
 A = Elapsed time spent in this place.
 B = Non-inter-level travel time spent in this place.
 C = Inter-level travel time spent in this place.
 D = Time resting spent in this place.
 E = Time spent auto-exploring this place.
 F = Levels seen in this place.
 G = Mean time per level.
                   A        B        C        D        E       F      G
               +--------+--------+--------+--------+--------+-----+--------+
         Total |   9963 |   9409 |    554 |    220 |   7271 |  13 |  766.4 |
       Dungeon |   8944 |   8431 |    513 |    220 |   6426 |  10 |  894.4 |
        Temple |     45 |     36 |      9 |      0 |     24 |   1 |   45.0 |
          Lair |    972 |    941 |     31 |      0 |    821 |   2 |  486.0 |
               +--------+--------+--------+--------+--------+-----+--------+

Top non-repeatable levels by time:
     D:1: 1344 daAuts
     D:4: 1293 daAuts
     D:8: 1060 daAuts
     D:6: 986 daAuts
    D:10: 908 daAuts
     D:9: 905 daAuts
  Lair:1: 898 daAuts
     D:3: 831 daAuts
     D:5: 625 daAuts
     D:7: 518 daAuts
     D:2: 470 daAuts
  Lair:2: 74 daAuts
  Temple: 45 daAuts
